 Dungeon Crawl Stone Soup version 0.31.0 (webtiles) character file.

Game seed: 2816737068007049812

207 qw the Shooter (level 5, -4/32 HPs)
             Began as a Gargoyle Hunter on Jan 19, 2024.
             Slain by an iguana (6 damage)
             ... on level 4 of the Dungeon.
             The game lasted 00:00:11 (2262 turns).

qw the Shooter (Gargoyle Hunter)                    Turns: 2262, Time: 00:00:12

Health: -4/32      AC:  6    Str: 15    XL:     5   Next: 85%
Magic:  5/5        EV: 12    Int:  9    God:
Gold:   112        SH:  5    Dex: 15    Spells: 4/4 levels left

rFire   + . .        a - +0 shortbow
rCold   + . .        (shield currently unavailable)
rNeg    + . .        b - +0 robe {rC+ rF+}
rPois   inf          (no helmet)
rElec   +            (no cloak)
rCorr   .            (no gloves)
SInv    .            (no boots)
Will    .....        g - amulet of reflection
Stlth   ++           (no ring)
HPRegen 0.25/turn    (no ring)
MPRegen 0.09/turn

%: reflection
@: about to teleport
A: sickness immunity, AC +4, negative energy resistance 1, electricity
resistance, torment resistance 1, petrification resistance
a: no special abilities


You were on level 4 of the Dungeon.
You visited 1 branch of the dungeon, and saw 4 of its levels.

You collected 112 gold pieces.


Innate Abilities, Weirdness & Mutations

You are immune to sickness and miasma.
Your stone body is resilient. (AC +4)
You are immune to poison.
You resist negative energy. (rN+)
You are resistant to electric shocks. (rElec)
You are resistant to unholy torment.
You are immune to petrification.


   Skills:
 + Level 3.3 Fighting
 - Level 6.0 Ranged Weapons
 - Level 2.1 Armour
 - Level 1.5 Dodging
 - Level 1.1 Stealth


You had 4 spell levels left.
You didn't know any spells.
Your spell library was empty.

Inventory:

Hand Weapons
 a - a +0 shortbow (weapon)
Armour
 b - a +0 robe of resistance (worn)
 d - a +0 ring mail
Jewellery
 g - an amulet of reflection (around neck)
Scrolls
 k - a scroll of enchant weapon {unknown}
Potions
 e - a potion of haste {unknown}
 f - a potion of enlightenment {unknown}
 h - a potion of cancellation {unknown}
 i - a potion of berserk rage {unknown}
 j - a potion of heal wounds {unknown}

Dungeon Overview and Level Annotations

Branches:
Dungeon (4/15)
 Temple: D:4-7

Altars:

Shops:
D:2 [


Message History

The ribbon worm bites you.
You shoot an arrow.
The arrow barely misses the ribbon worm.
The ribbon worm expels a string of sticky webbing.
The stream of webbing hits you but does no damage.
You are caught in a web!
You struggle to detach yourself from the web.
The web tears apart.
The ribbon worm bites you.
You shoot an arrow. The arrow hits the ribbon worm.
You kill the ribbon worm!
2211 ||| FLEEEEING.
You start resting.
HP restored.
Found an escape hatch in the ceiling.
An adder and an iguana come into view.
Found a stone staircase leading down.
The iguana hisses angrily.
The adder hisses angrily.
The iguana hisses menacingly.
You shoot an arrow.
The arrow hits the iguana but does no damage.
You shoot an arrow. The arrow closely misses the iguana.
You shoot an arrow.
The arrow hits the iguana but does no damage.
The iguana misses you.
You shoot an arrow. The arrow hits the iguana.
The iguana is moderately wounded.
The iguana bites you!
You shoot an arrow. The arrow barely misses the iguana.
The adder misses you. The iguana bites you! The adder closely misses you.
You shoot an arrow. The arrow hits the iguana.
The iguana is moderately wounded.
The adder bites you. You block the iguana's attack.
You shoot an arrow. The arrow barely misses the iguana.
You block the adder's attack. The iguana bites you! The adder bites you.
2262 ||| READING scroll of teleportation.
As you read the scroll of teleportation, it crumbles to dust.
You feel strangely unstable. The iguana bites you.
You die...

#.............## #.....
#<.....##..)....
#.....##......##.......
#.....#................
#....>#................
#<....##...............
#..... #......##.....##
#....l##......##.....##
#....S@...............#
.......................#
##.....##..............#
###### #..............#
#...............#
#...............#
#...............#
#.......##......#
#.#####+##......#


You could see an iguana and an adder.

Vanquished Creatures
  A bombardier beetle (D:3)
  A jelly (D:4)
  5 adders
  A white imp (D:4)
  A dart slug (D:3)
  4 ribbon worms
  5 orcs
  5 ball pythons
  4 bats
  9 endoplasms
  6 giant cockroaches
  7 goblins
  3 hobgoblins
  2 jackals (D:4)
  2 quokkas
  15 frilled lizards
  5 kobolds
  5 rats
81 creatures vanquished.

Notes
Turn   | Place    | Note
-------+----------+-------------------------------------------
     0 | D:1      | qw the Gargoyle Hunter began the quest for the Orb.
     0 | D:1      | Reached XP level 1. HP: 12/12 MP: 1/1
     0 | D:1      | 0 ||| qw: Version: 0.3-a-132-g3d54051
     0 | D:1      | 0 ||| qw: Game counter: 372
     0 | D:1      | 0 ||| qw: Melee chars always use a shield: true
     0 | D:1      | 0 ||| qw: God list: Okawaru
     0 | D:1      | 0 ||| qw: Allow faded altars: false
     0 | D:1      | 0 ||| qw: Do Orc after clearing Dungeon:15 true
     0 | D:1      | 0 ||| qw: Do second Lair branch before Depths: true
     0 | D:1      | 0 ||| qw: Lair rune preference: random
     0 | D:1      | 0 ||| qw: Goals: Normal
     0 | D:1      | 0 ||| PLANNING D:1-11
    83 | D:1      | Reached XP level 2. HP: 17/17 MP: 2/2
   373 | D:1      | Reached XP level 3. HP: 21/21 MP: 3/3
   412 | D:1      | Reached skill level 5 in Ranged Weapons
   503 | D:1      | 503 ||| UPGRADING to amulet of reflection.
   508 | D:1      | 508 ||| READING scroll labelled OLASKI GUVVOHOAME.
   508 | D:1      | 508 ||| IDENTIFYING puce potion
   509 | D:1      | 509 ||| READING scroll labelled HUC YKHLEUH.
   510 | D:1      | 510 ||| READING scroll labelled WUTOKL ZAOTT.
   511 | D:1      | 511 ||| DROPPING scroll of butterflies.
   512 | D:1      | 512 ||| DROPPING potion of ambrosia.
   917 | D:2      | 917 ||| FLEEEEING.
  1123 | D:2      | Found Votreasu's Antique Armour Shop.
  1131 | D:2      | 1131 ||| SHOPLISTING shiny ring mail (196 gold, have 66).
  1131 | D:2      | 1131 ||| SHOPLISTING transparent ring mail (252 gold, have
                  | 66).
  1406 | D:2      | 1406 ||| UPGRADING to +0 ring mail.
  1416 | D:2      | 1416 ||| DROPPING +0 leather armour.
  1417 | D:2      | 1417 ||| READING scroll labelled BIGAYWKEENYKK.
  1464 | D:3      | Reached XP level 4. HP: 10/27 MP: 4/4
  1464 | D:3      | 1464 ||| FLEEEEING.
  1474 | D:3      | 1474 ||| STAIRDANCE
  1628 | D:3      | Reached skill level 3 in Fighting
  1726 | D:3      | 1726 ||| FLEEEEING.
  1847 | D:3      | Reached XP level 5. HP: 29/32 MP: 5/5
  2010 | D:3      | 2010 ||| UPGRADING to +0 robe of resistance.
  2020 | D:3      | 2020 ||| READING scroll labelled FIACAWUCLO.
  2021 | D:3      | 2021 ||| FLEEEEING.
  2076 | D:4      | Reached skill level 6 in Ranged Weapons
  2211 | D:4      | 2211 ||| FLEEEEING.
  2261 | D:4      | HP: 4/32 [iguana (7)]
  2262 | D:4      | 2262 ||| READING scroll of teleportation.
  2262 | D:4      | Slain by an iguana

Levels and vault maps discovered:
D:1:      lemuel_arrival_river_ford, layout_rooms
D:2:      layout_loops_corners, serial_shops, nicolae_square_shop, st_stairs_8,
          minmay_fountain_box
D:3:      layout_rooms, minmay_lizard_king
D:4:      layout_gridville, minmay_temple_entry_statues_pillars,
          ebering_ghost_sewer_d

Skill      XL: |  1  2  3  4  5 |
---------------+----------------+-----
Ranged Weapons | 5 6 |  6.0
Armour         | 2 |  2.1
Fighting       | 3 |  3.3
Dodging        | |  1.5
Stealth        | |  1.1

Action                     |  1- 3 |  4- 6 || total
---------------------------+-------+-------++-------
   Fire: Shortbow          |   122 |   175 ||   297
    Use: Scroll            |     4 |     2 ||     6
 Armour: Leather armour    |    22 |       ||    22
         Ring mail         |     1 |    34 ||    35
         Robe              |       |    17 ||    17
  Dodge: Dodged            |    22 |    40 ||    62
  Block: Other             |     6 |    15 ||    21
         Reflection        |     1 |     2 ||     3

Table legend:
 A = Non-vault XP
 B = Vault XP
 C = Vault XP percentage of total XP
 D = Non-vault monster count
 E = Vault monster count
 F = Vault count percentage of total count
                 A         B        C        D         E       F
            +---------+---------+-------+---------+---------+-------
      Total |     284 |      12 |   4.1 |      70 |      11 |  13.6
            +---------+---------+-------+---------+---------+-------
        D:1 |      40 |       0 |   0.0 |      23 |       0 |   0.0
        D:2 |      17 |       3 |  15.0 |       9 |       2 |  18.2
        D:3 |     126 |       9 |   6.7 |      25 |       9 |  26.5
        D:4 |     101 |       0 |   0.0 |      13 |       0 |   0.0
            +---------+---------+-------+---------+---------+-------
